 Dungeon Crawl Stone Soup version 0.30-a0-737-gf23d94013f (webtiles) character file.

Game seed: 11990371476254623113

215 kae the Digger (level 5, -4/28 HPs)
             Began as a Gargoyle Earth Elementalist on Feb 2, 2023.
             Slain by a gnoll bouda
             ... wielding a +0 trident
              (13 damage)
             ... on level 4 of the Dungeon.
             The game lasted 00:02:42 (1984 turns).

kae the Digger (Gargoyle Earth Elementalist)        Turns: 1984, Time: 00:02:42

Health: -4/28      AC:  8    Str: 12    XL:     5   Next: 92%
Magic:  2/9        EV: 11    Int: 17    God:
Gold:   64         SH:  0    Dex: 10    Spells: 4/10 levels left

rFire   . . .      SeeInvis .    d - +0 whip
rCold   . . .      Faith    .    (no shield)
rNeg    + . .      Spirit   .    a - +0 robe
rPois   ∞          Reflect  .    (no helmet)
rElec   +          Harm     .    (no cloak)
rCorr   .          Rampage  .    (no gloves)
Will    .....                    (no boots)
Stlth   ++                       (no amulet)
HPRegen 0.24/turn                (no ring)
MPRegen 0.11/turn                (no ring)

@: mighty, weakened, attractive, flying
A: sickness immunity, AC +4, negative energy resistance 1, electricity
resistance, torment resistance 1, petrification resistance, iridescent scales 1,
low MP 1
a: no special abilities


You were on level 4 of the Dungeon.
You visited 1 branch of the dungeon, and saw 4 of its levels.

You collected 64 gold pieces.


Innate Abilities, Weirdness & Mutations

You are immune to sickness and miasma.
Your stone body is resilient. (AC +4)
You are immune to poison.
You resist negative energy. (rN+)
You are resistant to electric shocks. (rElec)
You are resistant to unholy torment.
You are immune to petrification.
You are partially covered in iridescent scales. (AC +2)
Your magical capacity is low. (-10% MP)


   Skills:
 - Level 1.5 Dodging
 - Level 2.1 Stealth
 * Level 3.4 Spellcasting
 * Level 2.6 Conjurations
 - Level 0.7 Transmutations
 * Level 5.8 Earth Magic


You had 4 spell levels left.
You knew the following spells:

 Your Spells              Type           Power      Damage    Failure   Level
a - Sandblast             Erth           44%        2d11      1%          1
b - Passwall              Tmut/Erth      11%        N/A       7%          2
c - Stone Arrow           Conj/Erth      34%        3d9       9%          3

Your spell library contained the following spells:

 Spells                   Type           Power      Damage    Failure   Level
 Petrify                  Tmut/Erth      14%        N/A       41%         4

Inventory:

Hand Weapons
 d - a +0 whip (weapon)
   (You took it off a kobold on level 1 of the Dungeon)
Missiles
 h - 18 stones
Armour
 a - a +0 robe (worn)
Jewellery
 n - a ring of positive energy
   (You found it on level 2 of the Dungeon)
 N - a ring of positive energy
   (You found it on level 1 of the Dungeon)
Wands
 o - a wand of mindburst (19)
   (You found it on level 4 of the Dungeon)
Scrolls
 e - a scroll of amnesia
 l - a scroll of immolation {unknown}
Potions
 b - a potion of magic
 c - a potion of haste {@q3}
 f - a potion of curing {@q1}
 i - a potion of heal wounds {@q2}
 m - a potion of mutation {!q}

Dungeon Overview and Level Annotations

Branches:
Dungeon (4/15) Zot: 21978
 Temple: D:4-7

Altars:

Shops:
D:2 (!([[

..#.......#....#...#
....##..g...#...##...##
......................##
....#.......#)#..#..†###
....##.........#.##....#
.......!.........##.....
.......................)
.......gg..........##...
..#...@g...#...##..#...
#...........##.##......
##.........###..######†
##........# ..## ...
#.....[....#..# ....
................####..#.##
#.... ................
.... ......
............#... ...
...... .......... ..


You could see a gnoll bouda and 3 gnolls.


Message History

Casting: Sandblast (safe; 1% risk of failure)
Confirm with . or Enter, or press ? or * to list all spells.
Aiming: Sandblast (safe; 1% risk of failure)
Press: ? - help, Shift-Dir - straight line, f - ufetubus
Aim: an ufetubus (72% to hit)
The blast of sand hits the ufetubus.
The gnoll bouda barks out a call to the hunt!
The gnolls pick up the pace! 😕 MP[-1]
You lost 1 mp, and now have 2/10 mp.
Casting: Sandblast (safe; 1% risk of failure)
Confirm with . or Enter, or press ? or * to list all spells.
Aiming: Sandblast (safe; 1% risk of failure)
Press: ? - help, Shift-Dir - straight line, f/p - ufetubus
Aim: an ufetubus (severely wounded, 72% to hit)
The blast of sand hits the ufetubus.
You kill the ufetubus!
The gnoll shoots a sling bullet.
The sling bullet hits you! The gnoll barely misses you.
The orc hits you with a +0 dagger. 😮 HP[-9] MP[-1]
You take 9 damage, and now have 15/28 hp.
MASSIVE DAMAGE!! (PAUSE)
You lost 1 mp, and now have 1/10 mp.
You hear the slow rusting of a drain very nearby.
The gnoll shoots a sling bullet.
The sling bullet completely misses you. The gnoll barely misses you.
The orc completely misses you.
The gnoll bouda hits you from afar with a +0 trident.
* * * LOW HITPOINT WARNING * * *
You climb upwards.
There is a stone staircase leading down here. 😨 HP[-5]
You take 5 damage, and now have 10/28 hp.
Casting: Sandblast (safe; 1% risk of failure)
Confirm with . or Enter, or press ? or * to list all spells.
Aiming: Sandblast (safe; 1% risk of failure)
Press: ? - help, Shift-Dir - straight line, f - orc
Aim: an orc, wielding a +0 dagger (83% to hit)
The blast of sand hits the orc!!
You kill the orc! 😨 MP[-1]
You lost 1 mp, and now have 0/10 mp.
Unknown command.
You see here a +0 dagger. 😨 HP[+1] MP[+1]
m - 2 fuming brown potions (gained 1)
There are no items here.
You see here a +0 dagger.
There is a stone staircase leading down here. 😨 HP[+1] It was a potion of flight.
You feel very buoyant.
You fly up into the air.
It was a potion of might.
You feel very mighty all of a sudden.
It was a potion of mutation.
You feel extremely strange.
You feel less energetic.
Iridescent scales grow over part of your body.
It was a potion of attraction.
You feel attractive to monsters.
It was a potion of heal wounds.
You feel much better. 😎 HP[+16] MP[+1]
Your hp is fully restored (28).
It was a potion of curing.
You feel better.
You fly downwards.
You hear the sound of rushing water.
There is an entrance to a sewer on this level.
Hurry and find it before the portal rusts away!
The gnoll shoots a sling bullet.
The sling bullet hits you.
The gnoll bouda gazes fiercely through you!
You feel your attacks grow feeble. The gnoll hits you but does no damage.
The gnoll is attracted toward you.
The gnoll bouda is attracted toward you.
The gnoll is attracted toward you.
There is a stone staircase leading up here. 😕 HP[-3]
You take 3 damage, and now have 25/28 hp.
Unknown command.
You barely miss the gnoll.
The gnoll unwields a +0 sling.
The gnoll wields a +0 spear.
The gnoll hits you with a +0 spear.
The gnoll bouda hits you but does no damage.
The gnoll hits you with a +0 spear! 😮 HP[-10]
You take 10 damage, and now have 15/28 hp.
MASSIVE DAMAGE!! (PAUSE)
You whack the gnoll! The gnoll barely misses you.
The gnoll bouda barely misses you. The gnoll hits you with a +0 spear.
* * * LOW HITPOINT WARNING * * *
😨 HP[-5]
You take 5 damage, and now have 10/28 hp.
Unknown command.
You barely miss the gnoll. The gnoll hits you with a +0 spear.
* * * LOW HITPOINT WARNING * * *
The gnoll bouda gazes fiercely through you!
You feel as though you will be weak longer.
The gnoll bouda misses you.
The gnoll hits you but does no damage. 😨 HP[-2]
You take 2 damage, and now have 8/28 hp.
Unknown command.
You closely miss the gnoll. The gnoll closely misses you.
The gnoll bouda hits you with a +0 trident!
You die...

Skill      XL: |  1  2  3  4 |
---------------+-------------+-----
Earth Magic    | 4 5 |  5.8
Conjurations   | 1 2 |  2.6
Spellcasting   | 3 |  3.4
Dodging        | |  1.5
Stealth        | |  2.1
Transmutations | |  0.7

Action                     |  1- 3 |  4- 6 || total
---------------------------+-------+-------++-------
  Melee: Whip              |       |     4 ||     4
   Cast: Sandblast         |    52 |    23 ||    75
    Use: Scroll            |     4 |       ||     4
         Potion            |       |     6 ||     6
 Armour: Robe              |     5 |     6 ||    11
  Dodge: Dodged            |     9 |    16 ||    25

Levels and vault maps discovered:
D:1:      dpeg_arrival_orchard, layout_basic, hellmonk_ecumenical_altar_run_dry,
          serial_forest, infiniplex_forest_lined_3_way,
          infiniplex_forest_clump_diagonal, infiniplex_forest_lined_room_2,
          infiniplex_forest_end_3, infiniplex_forest_lined_2,
          infiniplex_forest_lined_2, ebering_dispersal_statue_hall
D:2:      layout_basic, serial_shops, nicolae_shop_overgrown_old_shop,
          nicolae_shop_advertising_works [nicolae_subvault_shop_adworks], shop,
          nicolae_diamond_shop, nicolae_shop_statue_plus, serial_park_tiny_2
D:3:      layout_basic, minmay_door_square
D:4:      layout_cave_pools, portal_sewer_entry_a

Notes
Turn   | Place    | Note
-------+----------+-------------------------------------------
     0 | D:1      | kae the Gargoyle Earth Elementalist began the quest for the
                  | Orb.
     0 | D:1      | Reached XP level 1. HP: 10/10 MP: 3/3
     0 | D:1      | magus.rc [v1.11.3]
    11 | D:1      | Found a faded altar of an unknown god.
   119 | D:1      | Reached skill level 4 in Earth Magic
   148 | D:1      | Reached XP level 2. HP: 15/15 MP: 1/5
   944 | D:2      | Found Ykkakkas's Distillery.
   982 | D:2      | Found Kioclaef's Antique Weapon Emporium.
   993 | D:2      | Reached XP level 3. HP: 19/19 MP: 3/6
  1030 | D:2      | Learned a level 2 spell: Passwall
  1034 | D:2      | Learned a level 3 spell: Stone Arrow
  1036 | D:2      | Found Etyucrio's Antique Weapon Shop.
  1265 | D:2      | Identified the +0 robe "Etuap" {Regen+ Int+4}
  1422 | D:2      | Found Hisomej's Antique Armour Boutique.
  1486 | D:2      | Found Igahysch's Armour Boutique.
  1759 | D:3      | Reached skill level 1 in Conjurations
  1766 | D:3      | Reached skill level 5 in Earth Magic
  1766 | D:3      | Reached XP level 4. HP: 17/24 MP: 0/8
  1865 | D:4      | HP: 4/24 [iguana (6)]
  1868 | D:4      | Reached skill level 3 in Spellcasting
  1913 | D:4      | Noticed an ogre
  1919 | D:4      | Killed an ogre
  1920 | D:4      | Reached skill level 2 in Conjurations
  1920 | D:4      | Reached XP level 5. HP: 18/28 MP: 1/10
  1975 | D:3      | Gained mutation: Your magical capacity is low. (-10% MP)
                  | [potion of mutation]
  1975 | D:3      | Gained mutation: You are partially covered in iridescent
                  | scales. (AC +2) [potion of mutation]
  1984 | D:4      | Slain by a gnoll bouda

Vanquished Creatures
  An ogre (D:4)
  An iguana (D:4)
  2 gnolls
  2 adders
  An ufetubus (D:4)
  4 dart slugs
  2 orcs
  5 endoplasms
  5 goblins
  3 hobgoblins
  2 jackals (D:4)
  3 quokkas
  6 ball pythons
  6 bats
  6 kobolds
  A rat (D:2)
50 creatures vanquished.

Vanquished Creatures (others)
  5 plants
5 creatures vanquished.

Grand Total: 55 creatures vanquished

Table legend:
 A = Non-vault XP
 B = Vault XP
 C = Vault XP percentage of total XP
 D = Non-vault monster count
 E = Vault monster count
 F = Vault count percentage of total count
                 A         B        C        D         E       F
            +---------+---------+-------+---------+---------+-------
      Total |     308 |       0 |   0.0 |      50 |       0 |   0.0
            +---------+---------+-------+---------+---------+-------
        D:1 |      29 |       0 |   0.0 |      18 |       0 |   0.0
        D:2 |      48 |       0 |   0.0 |      17 |       0 |   0.0
        D:3 |      20 |       0 |   0.0 |       4 |       0 |   0.0
        D:4 |     211 |       0 |   0.0 |      11 |       0 |   0.0
            +---------+---------+-------+---------+---------+-------

Illustrated notes

Table legend:
 A = Kills in this place as a percentage of kills in entire the game.
 B = Kills by you in this place as a percentage of kills by you in the entire game.
 C = Kills by friends in this place as a percentage of kills by friends in the entire game.
 D = Other kills in this place as a percentage of other kills in the entire game.
 E = Experience gained in this place as a percentage of experience gained in the entire game.
 F = Experience gained in this place divided by the number of levels of this place that you have seen.
                   A       B       C       D       E      F
               +-------+-------+-------+-------+-------+----------------------
         Total | 100.0 | 100.0 |   N/A |   N/A | 100.0 |  77.0
       Dungeon | 100.0 | 100.0 |   N/A |   N/A | 100.0 |  77.0
               +-------+-------+-------+-------+-------+----------------------

Table legend: (Time is in decaauts)
 A = Elapsed time spent in this place.
 B = Non-inter-level travel time spent in this place.
 C = Inter-level travel time spent in this place.
 D = Time resting spent in this place.
 E = Time spent auto-exploring this place.
 F = Levels seen in this place.
 G = Mean time per level.
                   A        B        C        D        E       F      G
               +--------+--------+--------+--------+--------+-----+--------+
         Total |   2020 |   1960 |     60 |    103 |   1449 |   4 |  505.0 |
       Dungeon |   2020 |   1960 |     60 |    103 |   1449 |   4 |  505.0 |
               +--------+--------+--------+--------+--------+-----+--------+

Top non-repeatable levels by time:
     D:1: 955 daAuts
     D:2: 818 daAuts
     D:4: 208 daAuts
     D:3: 38 daAuts
